AoeStats
← Soaking Dill

Black Forest

509741378Analyzed
4v4 RM · 4d ago on Sep 27, 2026· 10m 26s· 8 players
Game mode
Random Map
Map size
Large (8 player)
Population
200
Speed
Normal
Resources
Standard
Victory
Conquest
Starting age
Dark Age
Ending age
Imperial Age
RankedLock teamsTeams togetherTeam positionsShared explorationLock speedFull tech treeHidden civsTurbo modeCheats
Victory
Defeat
🇧🇷 Varangians · Brazil
1243
+14
🇧🇷 Mongols · Brazil
1167
+17
🇧🇷 Vietnamese · Brazil
1115
+19
🇧🇷 Persians · Brazil
1113
+19
1219
-18
🇺🇸 Spanish · United States
1194
-18
🇺🇸 Turks · United States
1170
-17
1165
-16
RANDALZIN
4:51 Loom
10:07 Feudal Age
darkdudu
0:48 Loom
DougSh4rK
1:04 Loom
Wololo 2.0
0:32 Loom
11:08 Feudal Age
Soaking Dill
Salty
Der unglaubliche Horst™
0:34 Loom
myth大帝110110110
2:32 Loom
Connection lost

Rejoining the realm…

Still unreachable

The connection could not be restored.

Session expired

The server has moved on; the page needs a fresh start.